 Dungeon Crawl Stone Soup version 0.28-a0-1613-gdaab1c2f9b (webtiles) character file.

Game seed: 12786508266712193526

296 jfcaron the Insei (level 6, 0/46 HPs)
             Began as a Djinni Transmuter on Jan 22, 2022.
             Was an Initiate of Ru.
             Slain by a sky beast (5 damage)
             ... on level 5 of the Dungeon.
             The game lasted 00:11:08 (4878 turns).

jfcaron the Insei (Djinni Transmuter)               Turns: 4878, Time: 00:11:09

Health: 0/46       AC:  2    Str: 11    XL:     6   Next: 61%
Gold:   202        EV: 13    Int: 14    God:    Ru [......] SH:  0 Dex: 14

rFire   + + .      SeeInvis .     - Unarmed
rCold   x . .      Faith    .   (no shield)
rNeg    . . .      Spirit   .   a - +0 robe
rPois   ∞          Reflect  .   (no helmet)
rElec   .          Harm     .   (no cloak)
rCorr   +          Rampage  .   (no gloves)
Will    .....                   (boots unavailable)
Stlth   +.........              (no amulet)
HPRegen 0.15/turn               q - ring of resist corrosion
MPRegen 0.00/turn               (no ring)

@: flying
A: sickness immunity, fire resistance 2, cold vulnerability 1, float, innate
caster, hp casting, extra vitality 1
a: Renounce Religion


You were on level 5 of the Dungeon.
You worshipped Ru.
Ru was noncommittal.
You visited 1 branch of the dungeon, and saw 5 of its levels.

You collected 202 gold pieces.

Inventory:

Missiles
 b - 123 stones
 g - 49 arrows
 h - 3 poisoned darts
 i - 49 sling bullets
 n - 3 boomerangs
Armour
 a - a +0 robe (worn)
Jewellery
 q - a ring of resist corrosion (left hand)
Scrolls
 c - 4 scrolls of teleportation
 f - a scroll of torment {unknown}
 j - a scroll of blinking {unknown}
 k - a scroll of fear {unknown}
 o - a scroll of noise {unknown}
 p - a scroll of amnesia {unknown}
 s - 2 scrolls of identify {unknown}
Potions
 d - 2 potions of brilliance {unknown}
 e - 2 potions of attraction {unknown}
 l - a potion of magic {unknown}
 m - 3 potions of invisibility {unknown}
 r - 2 potions of curing {unknown}
 t - a potion of flight {unknown}


   Skills:
 + Level 3.1 Fighting
 + Level 3.9 Dodging
 + Level 4.3 Unarmed Combat
 + Level 2.8 Spellcasting


You couldn't memorise any spells.
You knew the following spells:

 Your Spells              Type           Power      Damage    Failure   Level
a - Beastly Appendage     Tmut           18%        N/A       7%          1
b - Wereblood             Tmut           9%         N/A       11%         2
c - Spider Form           Tmut/Pois      9%         N/A       21%         3
d - Ice Form              Ice/Tmut       9%         N/A       56%         4
e - Sandblast             Erth           18%        2d7       7%          1
f - Poisonous Vapours     Pois/Air       18%        N/A       11%         2
Your spell library was empty.

Dungeon Overview and Level Annotations

Branches:
Dungeon (5/15)             Temple (0/1) D:4

Altars:
Gozag
Makhleb
Ru


Innate Abilities, Weirdness & Mutations

You are immune to sickness and miasma.
You are immune to poison.
Your flesh is very heat resistant. (rF++)
You are vulnerable to cold. (rC-)
You float through the air rather than walking.
You learn spells naturally, not from books.
Your magical power is your life essence.
You have superior vitality. (+4 MHP)


Message History

Confirm with . or Enter, or press ? or * to list all spells.
Aiming: Sandblast (safe; 7% risk of failure)
Press: ? - help, Shift-Dir - straight line, f/p - sky beast
Aim: a sky beast (moderately wounded, 69% to hit)
The blast of sand misses the sky beast.
b - 126 stones The sky beast hits you but does no damage.
Casting: Sandblast (safe; 7% risk of failure)
Confirm with . or Enter, or press ? or * to list all spells.
Aiming: Sandblast (safe; 7% risk of failure)
Press: ? - help, Shift-Dir - straight line, f/p - sky beast
Aim: a sky beast (moderately wounded, 69% to hit)
The blast of sand hits the sky beast.
The sky beast is moderately wounded.
b - 125 stones The sky beast flickers out of sight!
Deactivating autopickup; reactivate with Ctrl-A.
Something hits you. Something shocks you.
Casting: Sandblast (safe; 7% risk of failure)
Confirm with . or Enter, or press ? or * to list all spells.
Aiming: Sandblast (safe; 7% risk of failure)
Press: ? - help, Shift-Dir - straight line The blast of sand hits something.
b - 124 stones Something hits you.
Something shocks you.
* * * LOW HITPOINT WARNING * * *
Casting: Sandblast (safe; 7% risk of failure)
Confirm with . or Enter, or press ? or * to list all spells.
Okay, then.
Casting: Sandblast (safe; 7% risk of failure)
Confirm with . or Enter, or press ? or * to list all spells.
Aiming: Sandblast (safe; 7% risk of failure)
Press: ? - help, Shift-Dir - straight line The blast of sand hits something.
b - 123 stones
* * * LOW HITPOINT WARNING * * *
Something hits you.
* * * LOW HITPOINT WARNING * * *
Something shocks you.
You die...

##########
.........#
.#######.# #.# #.#
#.# .#..## #@# ...
.. #{# #..#. #.#
#..#.## #.# ♣♣♣♣
#.....###.# ≈≈≈.
##......##.# ...≈
#....[...#.#######
≈≈.≈
#...........$.>...
..≈≈
♣...........#######


There were no monsters in sight!

Vanquished Creatures
  2 ogres
  An orc priest (D:4)
  A howler monkey skeleton (D:5)
  2 adders (D:2)
  An adder skeleton (D:4)
  A worm (D:2)
  3 dart slugs
  An orc (D:3)
  3 ball pythons
  5 bats
  8 endoplasms
  3 giant cockroaches (D:1)
  6 goblins
  4 hobgoblins
  5 quokkas
  5 frilled lizards
  5 kobolds
  6 rats
62 creatures vanquished.

Notes
Turn   | Place    | Note
-------+----------+-------------------------------------------
     0 | D:1      | jfcaron the Djinni Transmuter began the quest for the Orb.
     0 | D:1      | Reached XP level 1. HP: 17/17 MP: 0/0
   329 | D:1      | Reached XP level 2. HP: 22/22 MP: 0/0
   352 | D:1      | Found a faded altar of an unknown god.
   424 | D:1      | Prayed at the altar of an unknown god.
   424 | D:1      | Became a worshipper of Ru the Awakened
   799 | D:1      | Reached XP level 3. HP: 24/27 MP: 0/0
   799 | D:1      | Learned a level 1 spell: Sandblast
  1670 | D:2      | Reached XP level 4. HP: 24/33 MP: 0/0
  2673 | D:3      | Found a sacrificial altar of Ru.
  2845 | D:3      | Noticed an ogre
  2892 | D:3      | Killed an ogre
  2893 | D:3      | Reached XP level 5. HP: 33/39 MP: 0/0
  2893 | D:3      | Learned a level 2 spell: Poisonous Vapours
  3180 | D:3      | Found a burning altar of Makhleb.
  3180 | D:3      | Noticed a balrug
  3796 | D:4      | Noticed an ogre
  3847 | D:4      | Found a staircase to the Ecumenical Temple.
  3859 | D:4      | Reached skill level 4 in Unarmed Combat
  3859 | D:4      | Reached XP level 6. HP: 44/45 MP: 0/0
  4439 | D:4      | HP: 2/45 [ogre (20)]
  4440 | D:4      | Killed an ogre
  4749 | D:5      | Entered Level 5 of the Dungeon
  4772 | D:5      | Found an opulent altar of Gozag.
  4855 | D:5      | Noticed a sky beast
  4877 | D:5      | HP: 9/46 [something (6)]
  4878 | D:5      | Slain by a sky beast

Illustrated notes

Levels and vault maps discovered:
D:1:      roderic_crossed_star, layout_basic, chequers_ecumenical_altar_island
D:2:      layout_basic, minmay_misc_feat_rows
D:3:      layout_loops_corners, hangedman_ru_absence, makhleb_altar_promises_db
D:4:      layout_basic, minmay_temple_entry_proselytizer
D:5:      layout_loops_ring, zin_academy, marbit_many_paths,
          mainiacjoe_overflow_paths

Skill      XL: |  1  2  3  4  5  6 |
---------------+-------------------+-----
Spellcasting   | 2 |  2.8
Fighting       | 2 3 |  3.1
Dodging        | 3 |  3.9
Unarmed Combat | 4 |  4.3

Action                   |  1- 3 |  4- 6 || total
-------------------------+-------+-------++-------
Melee: Unarmed           |   122 |    77 ||   199
       Headbutt          |    11 |    12 ||    23
       Punch             |     1 |     3 ||     4
 Cast: Beastly Appendage |    10 |    17 ||    27
       Sandblast         |     5 |    15 ||    20
       Wereblood         |     1 |       ||     1
       Poisonous Vapours |       |     5 ||     5
Invok: Reject Sacrifices |     1 |       ||     1
  Use: Scroll            |       |     1 ||     1
 Stab: Sleeping          |     2 |       ||     2
Armor: Robe              |    35 |     9 ||    44
Dodge: Dodged            |    88 |    46 ||   134

Table legend: (Time is in decaauts)
 A = Elapsed time spent in this place.
 B = Non-inter-level travel time spent in this place.
 C = Inter-level travel time spent in this place.
 D = Time resting spent in this place.
 E = Time spent auto-exploring this place.
 F = Levels seen in this place.
 G = Mean time per level.
                   A        B        C        D        E       F      G
               +--------+--------+--------+--------+--------+-----+--------+
         Total |   4866 |   4664 |    202 |    974 |   2884 |   5 |  973.2 |
       Dungeon |   4866 |   4664 |    202 |    974 |   2884 |   5 |  973.2 |
               +--------+--------+--------+--------+--------+-----+--------+

Top non-repeatable levels by time:
     D:2: 1279 daAuts
     D:1: 1276 daAuts
     D:3: 1189 daAuts
     D:4: 994 daAuts
     D:5: 126 daAuts
